 Dungeon Crawl Stone Soup version 0.19.5 (webtiles) character file.

81 vatarom the Firebug (level 4, -4/33 HPs)
             Began as a Hill Orc Fire Elementalist on May 5, 2017.
             Killed by divine providence
             ... invoked by an orc priest
              (14 damage)
             ... on level 3 of the Dungeon.
             The game lasted 00:05:54 (2193 turns).

vatarom the Firebug (Hill Orc Fire Elementalist)    Turns: 2193, Time: 00:05:55

Health: -4/33      AC:  3    Str: 10    XL:     4   Next: 40%
Magic:  0/6        EV: 12    Int: 16    God:
Gold:   128        SH:  0    Dex: 11    Spells: 3 memorised, 0 levels left

rFire  . . .     SeeInvis .     j - +2 dagger (drain)
rCold  + . .     Gourm    .     a - +0 robe
rNeg   . . .     Faith    .     (no shield)
rPois  .         Spirit   .     l - +0 helmet
rElec  .         Reflect  .     (no cloak)
rCorr  .         Harm     .     (no gloves)
MR     .....                    (no boots)
Stlth  ++........               (no amulet)
                                (no ring)
                                (no ring)

@: drained
A: cold resistance 1
a: Convert to Beogh


You were on level 3 of the Dungeon.
You were not hungry.

You visited 1 branch of the dungeon, and saw 3 of its levels.

You collected 128 gold pieces.

Inventory:

Hand Weapons
 g - a +1 spear
 j - a +2 dagger of draining (weapon)
Missiles
 d - 4 javelins of penetration (quivered)
 f - 6 poisoned javelins
Armour
 a - a +0 robe (worn)
 l - a +0 helmet (worn)
Scrolls
 h - 2 scrolls of identify
 n - a scroll of enchant weapon
Potions
 i - a potion of agility
Books
 b - a book of Flames

   Spells                             Type                      Level
   a - Flame Tongue                   Conjuration/Fire             1
   b - Throw Flame                    Conjuration/Fire             2
   c - Conjure Flame                  Conjuration/Fire             3
   d - Inner Flame                    Hexes/Fire                   3
   e - Sticky Flame                   Conjuration/Fire             4
   f - Fireball                       Conjuration/Fire             5
Comestibles
 c - 3 bread rations
 k - a meat ration


   Skills:
 - Level 1.5 Dodging
 - Level 1.5 Stealth
 - Level 1.5 Spellcasting
 - Level 1.0(0.9) Conjurations
 + Level 5.5 Fire Magic


You couldn't memorise any spells.
You knew the following spells:

 Your Spells              Type           Power        Failure   Level  Hunger
a - Flame Tongue          Conj/Fire      ##...        8%          1    ##.....
b - Throw Flame           Conj/Fire      ##....       10%         2    ###....
c - Conjure Flame         Conj/Fire      ##......     17%         3    ####...


Dungeon Overview and Level Annotations

Branches:
Dungeon (3/15)

Altars:


Innate Abilities, Weirdness & Mutations

Your flesh is cold resistant. (rC+)


Message History

The flame tongue hits the orc priest.
The orc priest appears unharmed.
The orc priest calls down the wrath of Beogh upon you.
Beogh smites you!
Casting: Flame Tongue
Confirm with . or Enter, or press ? or * to list all spells.
Aiming: Flame Tongue
Press: ? - help, Shift-Dir - straight line, f/p - orc priest
Aim: an orc priest, wielding a falchion and wearing a leather armour The flame tongue hits the orc priest.
The orc priest appears unharmed.
The orc priest calls down the wrath of Beogh upon you.
Pain shoots through your body!
* * * LOW HITPOINT WARNING * * *
The orc wizard casts a spell.
The orc wizard seems to speed up.
You hear a shout!
Unknown command.
Okay, then.
The orc priest mumbles some strange prayers to Beogh against you.
Beogh smites you!
You die...

###### #####.#.## .....# #.#
#.....$... ####.# ...
..%.##....## ####.# #.# ##
#.....o. ...#.# #.# ##....##
##.#.# #.# ##.#.. ##.#.# #.#
#.#### ##.#.# #.# #.#
...†.#### ####@##### #+#
##......# #........#
######.# #.##.o##.# ##.##.#
#)###.o#.#
###...#.#####....(..o#
...............†.......).o..
###...#.#########...####....
#.........# #..## ..
#.####.##.# #.##


You could see an orc priest and an orc wizard.

Vanquished Creatures
  2 adders
  A worm (D:2)
  2 dart slugs (D:1)
  A leopard gecko (D:1)
  2 orcs (D:3)
  A ball python (D:1)
  2 giant cockroaches
  9 goblins
  3 hobgoblins
  10 jackals (D:2)
  3 bats
  3 frilled lizards
  3 kobolds
  6 rats
48 creatures vanquished.

Notes
Turn   | Place    | Note
-------+----------+-------------------------------------------
     0 | D:1      | vatarom the Hill Orc Fire Elementalist began the quest for the Orb.
     0 | D:1      | Reached XP level 1. HP: 14/14 MP: 3/3
   296 | D:1      | Reached XP level 2. HP: 13/20 MP: 0/4
   541 | D:1      | Gained mutation: Your flesh is cold resistant. (rC+) [potion of beneficial mutation]
   548 | D:1      | Reached skill level 4 in Fire Magic
   588 | D:1      | Learned a level 2 spell: Throw Flame
   900 | D:2      | Reached XP level 3. HP: 19/26 MP: 5/5
  1298 | D:2      | Reached skill level 5 in Fire Magic
  1560 | D:2      | Reached XP level 4. HP: 31/33 MP: 6/6
  2086 | D:3      | Learned a level 3 spell: Conjure Flame
  2193 | D:3      | Killed from afar by an orc priest

Skill      XL: |  1  2  3 |
---------------+----------+-----
Fire Magic     | 4 5 |  5.5
Dodging        | |  1.5
Stealth        | |  1.5
Spellcasting   | |  1.5
Conjurations   | |  1.0

Action                   |  1- 3 |  4- 6 || total
-------------------------+-------+-------++-------
Melee: Spear             |     6 |       ||     6
       Dagger            |    56 |    23 ||    79
Throw: Javelin           |     1 |       ||     1
 Cast: Flame Tongue      |    27 |     4 ||    31
       Throw Flame       |     8 |     1 ||     9
       Conjure Flame     |       |     1 ||     1
  Use: Scroll            |     3 |     4 ||     7
       Potion            |     5 |       ||     5
 Stab: Sleeping          |     1 |     2 ||     3
  Eat: Chunk             |     3 |       ||     3
       Bread ration      |     1 |       ||     1
Armor: Robe              |    23 |     1 ||    24
Dodge: Dodged            |    53 |    10 ||    63
